 Dungeon Crawl Stone Soup version 0.30-a0-939-gc8157cb160 (webtiles) character file.

Game seed: 1241985593789463265

7032 gruber the Destroyer (level 10, -11/59 HPs)
             Began as a Deep Elf Conjurer on Mar 25, 2023.
             Was a Follower of Vehumet.
             Mangled by a gargoyle
             ... wielding a +0 flail
              (16 damage)
             ... on level 9 of the Dungeon.
             The game lasted 00:13:31 (10286 turns).

gruber the Destroyer (Deep Elf Conjurer)           Turns: 10286, Time: 00:13:32

Health: -11/59     AC:  7    Str:  7    XL:     10   Next: 82%
Magic:  6/26       EV: 15    Int: 37    God:    Vehumet [*.....]
Gold:   650        SH:  0    Dex: 13    Spells: 22/29 levels left

rFire   . . .      SeeInvis .    p - +0 dagger "Geoniwex" {flame, Will+ Str+3 Int+3}
rCold   . . .      Faith    .    (no shield)
rNeg    . . .      Spirit   .    N - +0 steam dragon scales
rPois   +          Reflect  .    r - +0 helmet of Badono {+Inv}
rElec   .          Rampage  .    (no cloak)
rCorr   .                        A - +0 pair of gloves
Will    ++...                    (no boots)
Stlth   ++++                     B - amulet of regeneration
HPRegen 1.09/turn                m - +6 ring of intelligence
MPRegen 0.20/turn                u - ring of poison resistance

@: no status effects
A: no striking features
a: Renounce Religion, Evoke Invisibility


You were on level 9 of the Dungeon.
You worshipped Vehumet.
Vehumet was aware of your devotion.
You visited 2 branches of the dungeon, and saw 10 of its levels.

You collected 650 gold pieces.

Inventory:

Hand Weapons
 p - the +0 dagger "Geoniwex" (weapon) {flame, Will+ Str+3 Int+3}
   (You found it on level 2 of the Dungeon)

   Str:       It affects your strength (+3).
   Int:       It affects your intelligence (+3).
   Will:      It increases your willpower.
 K - the +4 quarterstaff "Zocufiam" {venom, rElec rPois Will- rCorr}
   (You found it on level 8 of the Dungeon)

   rElec:     It insulates you from electricity.
   rPois:     It protects you from poison.
   rCorr:     It protects you from acid and corrosion.
   Will:      It decreases your willpower.
Armour
 r - the +0 helmet of Badono (worn) {+Inv}
   (You found it on level 2 of the Dungeon)

   +Inv:      It lets you turn invisible.
 A - a +0 pair of gloves (worn)
 N - +0 steam dragon scales (worn)
Jewellery
 m - a +6 ring of intelligence (left hand)
 u - a ring of poison resistance (right hand)
 y - a ring of protection from cold
 z - a ring of positive energy
 B - an amulet of regeneration (around neck)
 M - an amulet of the acrobat
Wands
 a - a wand of roots (5)
 H - a wand of charming (13)
 J - a wand of digging (5)
 O - a wand of polymorph (3)
Scrolls
 c - 5 scrolls of identify
 d - 2 scrolls of enchant armour {unknown}
 e - 3 scrolls of amnesia
 f - a scroll of vulnerability {unknown}
 i - 4 scrolls of poison
 j - 2 scrolls of magic mapping {unknown}
 k - 2 scrolls of teleportation {unknown}
 s - 2 scrolls of immolation
 v - 2 scrolls of fog {unknown}
 D - a scroll of fear {unknown}
 I - a scroll of blinking {unknown}
 L - 2 scrolls of enchant weapon {unknown}
Potions
 b - 3 potions of magic
 g - 5 potions of degeneration {unknown}
 h - 2 potions of ambrosia {unknown}
 l - a potion of flight {unknown}
 n - 2 potions of heal wounds {unknown}
 o - a potion of attraction {unknown}
 q - 2 potions of curing {unknown}
 t - 3 potions of haste
 w - 2 potions of lignification {unknown}
 x - 2 potions of mutation {unknown}
 C - a potion of cancellation {unknown}
 E - a potion of might {unknown}
 F - a potion of experience {unknown}
 G - a potion of berserk rage {unknown}


   Skills:
 - Level 5.3 Fighting
 - Level 8.1 Dodging
 - Level 10.1 Stealth
 - Level 10.3 Spellcasting
 * Level 10.5 Conjurations
 - Level 2.3 Translocations


You had 22 spell levels left.
You knew the following spells:

 Your Spells              Type           Power      Damage    Failure   Level
a - Magic Dart            Conj           100%       1d8       1%          1
b - Searing Ray           Conj           100%       2d8       1%          2
c - Iskenderun's Mystic   Conj/Tloc      61%        2d13      1%          4

Your spell library contained the following spells:

 Spells                   Type           Power      Damage    Failure   Level
 Kiss of Death            Conj/Necr      100%       2d13      1%          1
 Dazzling Flash           Conj/Hex       100%       N/A       1%          3
 Flame Wave               Conj/Fire      55%        2d13      2%          4
 Fulminant Prism          Conj/Hex       27%        3d14      2%          4
 Sticky Flame             Conj/Fire      55%        2d7       2%          4
 Inner Flame              Hex/Fire       19%        N/A       6%          3


Dungeon Overview and Level Annotations

Branches:
Dungeon (9/15)             Temple (1/1) D:6
   Lair: D:8-11         Orc: D:9-12

Altars:
Ashenzari
Dithmenos
Elyvilon
Gozag
Hepliaklqana
Kikubaaqudgha
Makhleb
Nemelex Xobeh
Okawaru
Ru
Sif Muna
Trog
Uskayaw
Vehumet
Wu Jian
Xom

Annotations:
D:4 2 transporters
D:9 1 runed translucent door


Message History

(Press . to maintain the ray.) Unknown command.
The searing ray hits the gargoyle but does no damage.
The searing ray hits the gargoyle but does no damage.
The gargoyle attacks as you move away! The gargoyle closely misses you.
Unknown command.
Unknown command.
Casting: Searing Ray (safe; 1% risk of failure)
Confirm with . or Enter, or press ? or * to list all spells.
You erupt in a blast of force!
The mystic blast hits the gargoyle but does no damage.
The gargoyle hurls a stone arrow at you.
The stone arrow hits you!
Unknown command.
Unknown command.
Unknown command.
Unknown command.
Casting: Iskenderun's Mystic Blast (dangerous; 1% risk of failure)
Confirm with . or Enter, or press ? or * to list all spells.
You erupt in a blast of force!
The mystic blast hits the gargoyle but does no damage.
The gargoyle hurls a stone arrow at you.
The stone arrow hits you!!
* * * LOW HITPOINT WARNING * * *
Unknown command.
Casting: Iskenderun's Mystic Blast (dangerous; 1% risk of failure)
Confirm with . or Enter, or press ? or * to list all spells.
You erupt in a blast of force!
The mystic blast hits the gargoyle but does no damage.
The gargoyle hits you with a +0 flail!
* * * LOW HITPOINT WARNING * * *
Unknown command.
Unknown command.
Unknown command.
Casting: Iskenderun's Mystic Blast (dangerous; 1% risk of failure)
Confirm with . or Enter, or press ? or * to list all spells.
You erupt in a blast of force!
The mystic blast hits the gargoyle but does no damage.
The gargoyle hits you with a +0 flail!
You die...

#.).. ### #.### #>#
#.# #.###
########.#
#...###.....)..###
##.........))))....
#.........####...##
#.........# ###...
#.@####...# ###.
##.9<#.....# ..##
#....#.#.#.# #...
#...##.#.#.# #.
#......#.#.#
#....#...#.#
#....#...#.# #
#....#.....# #.
####....##....# #


You could see a gargoyle.

Vanquished Creatures
  A centaur warrior (D:9)
  2 two-headed ogres (D:9)
  A tengu conjurer (D:9)
  A meliai (D:9)
  A hornet (D:8)
  Sigmund (D:6)
  A wyvern (D:9)
  Grum (D:9)
  3 steam dragons
  Menkaure (D:7)
  5 water moccasins
  2 orc warriors (D:9)
  3 sky beasts
  An ice beast (D:8)
  2 ogres (D:7)
  3 wolves (D:9)
  3 phantoms
  3 bullfrogs
  3 scorpions
  12 wights
  3 hounds
  8 orc priests
  A gnoll bouda (D:5)
  A sleepcap (D:6)
  3 iguanas
  14 orc wizards
  7 adders
  3 gnolls (D:5)
  A shadow imp (D:5)
  A white imp (D:7)
  3 worms
  A dart slug (D:2)
  30 orcs
  6 ball pythons
  A bat (D:1)
  8 endoplasms
  3 giant cockroaches
  2 goblins (D:2)
  8 hobgoblins
  6 jackals
  2 quokkas
  3 frilled lizards
  3 kobolds
  3 rats
171 creatures vanquished.

Notes
Turn   | Place    | Note
-------+----------+-------------------------------------------
     0 | D:1      | gruber the Deep Elf Conjurer began the quest for the Orb.
     0 | D:1      | Reached XP level 1. HP: 10/10 MP: 6/6
   224 | D:1      | Reached XP level 2. HP: 15/15 MP: 6/8
   429 | D:1      | Reached skill level 5 in Conjurations
   772 | D:2      | Found a faded altar of an unknown god.
   832 | D:2      | Reached XP level 3. HP: 19/19 MP: 2/9
   911 | D:2      | Learned a level 2 spell: Searing Ray
   996 | D:2      | Found a shimmering blue altar of Sif Muna.
  1270 | D:2      | Identified the +0 dagger "Geoniwex" {flame, Will+ Str+3
                  | Int+3}
  1349 | D:2      | Identified the +0 helmet of Badono {+Inv}
  1615 | D:3      | Found an iron altar of Okawaru.
  1676 | D:3      | Reached XP level 4. HP: 12/24 MP: 4/11
  1907 | D:3      | Reached XP level 5. HP: 25/28 MP: 9/13
  2103 | D:3      | Found a shimmering altar of Xom.
  2388 | D:4      | Noticed a phantom
  2397 | D:4      | Killed a phantom
  2398 | D:4      | Reached skill level 5 in Spellcasting
  2646 | D:4      | Reached XP level 6. HP: 32/32 MP: 11/16
  2686 | D:4      | Found a transporter.
  2974 | D:4      | Found a hide-covered altar of Uskayaw.
  3103 | D:4      | Found a broken altar of Ashenzari.
  3243 | D:4      | Found an ancient bone altar of Kikubaaqudgha.
  3432 | D:4      | Found a transporter.
  3435 | D:4      | Noticed an ice beast
  3435 | D:4      | Noticed an ice beast
  3606 | D:5      | Entered Level 5 of the Dungeon
  3645 | D:5      | Found an ornate altar of the Wu Jian Council.
  3934 | D:5      | Noticed a water moccasin
  3940 | D:5      | Killed a water moccasin
  3998 | D:5      | Found a sacrificial altar of Ru.
  4032 | D:5      | Reached XP level 7. HP: 31/36 MP: 8/19
  4037 | D:5      | Learned a level 4 spell: Iskenderun's Mystic Blast
  4290 | D:5      | Reached skill level 1 in Translocations
  5026 | D:6      | Reached XP level 8. HP: 41/41 MP: 14/23
  5315 | D:6      | Reached skill level 10 in Spellcasting
  5635 | D:6      | Reached skill level 5 in Stealth
  6133 | D:6      | Noticed Sigmund
  6216 | D:6      | Killed Sigmund
  6298 | D:6      | Found a staircase to the Ecumenical Temple.
  6363 | Temple   | Entered the Ecumenical Temple
  6423 | Temple   | Became a worshipper of Vehumet
  6514 | D:7      | Reached XP level 9. HP: 45/45 MP: 18/25
  6607 | D:7      | Noticed Menkaure
  6615 | D:7      | Killed Menkaure
  6945 | D:7      | Reached skill level 10 in Stealth
  7043 | D:7      | Found an opulent altar of Gozag.
  7359 | D:7      | Found a hazy altar of Hepliaklqana.
  7521 | D:7      | Reached skill level 5 in Dodging
  7546 | D:7      | Found a sparkling altar of Nemelex Xobeh.
  8318 | D:8      | Identified the +4 quarterstaff "Zocufiam" {venom, rElec
                  | rPois Will- rCorr}
  8467 | D:8      | Reached * piety under Vehumet
  8467 | D:8      | Offered knowledge of Kiss of Death by Vehumet.
  8468 | D:8      | Reached skill level 1 in Fighting
  8637 | D:8      | Reached XP level 10. HP: 28/52 MP: 15/26
  9362 | D:9      | Found a white marble altar of Elyvilon.
  9461 | D:9      | Found a burning altar of Makhleb.
  9484 | D:9      | Found a runed translucent door.
  9486 | D:9      | Noticed Grum
  9525 | D:9      | Killed Grum
  9734 | D:9      | Noticed a two-headed ogre
  9748 | D:9      | Killed a two-headed ogre
  9749 | D:9      | Reached skill level 5 in Fighting
  9905 | D:9      | Noticed a two-headed ogre
  9920 | D:9      | Killed a two-headed ogre
 10141 | D:9      | Noticed a five-headed hydra
 10143 | D:9      | Noticed a gargoyle
 10147 | D:9      | Identified the amulet "Ruohepn" {Faith -Cast +Inv rC+ SInv}
 10147 | D:9      | Identified the ring of Joymal {Fly rN+ MP+9 Str-2 Dex+2}
 10147 | D:9      | Noticed a centaur warrior
 10149 | D:9      | Noticed a boulder beetle
 10166 | D:9      | Killed a centaur warrior
 10167 | D:9      | Reached skill level 10 in Conjurations
 10286 | D:9      | Mangled by a gargoyle

Illustrated notes

Levels and vault maps discovered:
D:1:      grunt_arrival_crossed_arrows, layout_basic, serial_forest,
          infiniplex_forest_lined_room_3, infiniplex_forest_corner_1,
          infiniplex_forest_zigzag_2, infiniplex_forest_straight_3,
          infiniplex_forest_clump_medium, infiniplex_forest_lined_4_way,
          serial_park_tiny_pond
D:2:      layout_basic, basic_altar, shapermc_ecumenical_altar_ellora,
          hangedman_decor_slide_cut
D:3:      layout_loops_ring, mainiacjoe_overflow_swirl
D:4:      gammafunk_cloud_chamber, layout_loops_corners,
          mainiacjoe_overflow_concentric_impassable,
          nicolae_ashenzari_panopticon, mainiacjoe_overflow_catwalk
D:5:      layout_layer_cave, lemuel_doored_altar,
          nicolae_wu_jian_immortal_techniques, minmay_crystal_room
D:6:      layout_basic, minmay_temple_entry_fiery, uniq_sigmund
D:7:      layout_rooms, nemelex_dance_club_becter, amcnicky_altar_gilded,
          grunt_gozag_breadcrumbs, uniq_menkaure
D:8:      layout_cave_pods, chequers_jeans
D:9:      minmay_the_grid_triangle_9x9_recursive_2_mashed
          [minmay_the_grid_triangle_9x9_prize_special,
          minmay_the_grid_triangle_9x9_limited_checkers,
          minmay_the_grid_triangle_9x9_descending_squares,
          minmay_the_grid_triangle_9x9_subtriangle], layout_basic,
          lemuel_round_altar, general_overflow_altar,
          kennysheep_generic_room_10, uniq_grum
Temple:   grunt_temple_mini_profane

Skill      XL: |  1  2  3  4  5  6  7  8  9 10 |
---------------+-------------------------------+-----
Conjurations   | 5 6 7 8 10 | 10.5
Spellcasting   | 4 5 6 9 10 | 10.3
Translocations | 2 |  2.3
Stealth        | 8 10 | 10.1
Dodging        | 8 |  8.1
Fighting       | 2 5 |  5.3

Action                     |  1- 3 |  4- 6 |  7- 9 | 10-12 || total
---------------------------+-------+-------+-------+-------++-------
  Melee: Dagger            |       |       |       |     1 ||     1
   Cast: Magic Dart        |    70 |    38 |    35 |     4 ||   147
         Searing Ray       |     1 |    15 |    72 |    18 ||   106
         Iskenderun's Myst |       |       |    13 |    18 ||    31
    Use: Scroll            |       |       |       |     3 ||     3
         Potion            |       |       |       |     1 ||     1
 Armour: Robe              |       |     1 |    10 |       ||    11
         Steam dragon scal |       |       |       |     9 ||     9
  Dodge: Dodged            |     5 |     2 |    36 |    18 ||    61

Table legend: (Time is in decaauts)
 A = Elapsed time spent in this place.
 B = Non-inter-level travel time spent in this place.
 C = Inter-level travel time spent in this place.
 D = Time resting spent in this place.
 E = Time spent auto-exploring this place.
 F = Levels seen in this place.
 G = Mean time per level.
                   A        B        C        D        E       F      G
               +--------+--------+--------+--------+--------+-----+--------+
         Total |  10263 |   9944 |    319 |    108 |   8723 |  10 | 1026.3 |
       Dungeon |  10187 |   9895 |    292 |    108 |   8675 |   9 | 1131.9 |
        Temple |     75 |     49 |     26 |      0 |     48 |   1 |   75.0 |
               +--------+--------+--------+--------+--------+-----+--------+

Top non-repeatable levels by time:
     D:6: 1533 daAuts
     D:8: 1507 daAuts
     D:5: 1279 daAuts
     D:4: 1229 daAuts
     D:9: 1182 daAuts
     D:7: 1079 daAuts
     D:3: 989 daAuts
     D:2: 744 daAuts
     D:1: 640 daAuts
  Temple: 75 daAuts
